Map: Deathaura LE

Players

Lambo

  • Race: Zerg Zerg
  • League: Grandmaster
  • Spawn Location: 5:00

GOStephano (Stephano) - Winner!

  • Race: Zerg Zerg
  • League: Grandmaster
  • Spawn Location: 11:00

Event: DreamHack SC2 Masters 2020 Summer Europe

VOD

Have the link to the VOD?

Description

Time

  • Played on: June 25, 2020, 12:30 p.m.
  • Length: 8:03

All games in this series

Show
View Real Time Build Order
Export as new Build Order

Lambo Zerg 

Build Orders: Hatch First 

Get SALT Encoding   

  12  0:00  Drone  
  13  0:12  Overlord  
  13  0:16  Drone  
  14  0:31  Drone x2  
  16  0:47  Hatchery  
  15  0:50  Drone  
  15  0:53  Drone  
  15  0:57  Drone  
  18  1:08  Extractor  
  17  1:11  Spawning Pool  
  17  1:15  Drone  
  17  1:18  Drone  
  18  1:28  Drone  
  19  1:40  Drone  
  20  1:50  Drone  
  21  1:58  Queen x2  
  21  1:59  Drone  
  21  2:01  Overlord  
  26  2:09  Metabolic Boost  
  26  2:11  Drone  
  26  2:12  Zergling x2  
  28  2:22  Zergling x4  
  30  2:33  Hatchery  
  30  2:35  Drone  
  30  2:39  Drone  
  30  2:41  Drone  
  32  2:46  Overlord  
  32  2:55  Drone x2  
  34  3:03  Drone  
  35  3:09  Zergling x14  
  42  3:14  Roach Warren  
  41  3:20  Drone  
  41  3:24  Overlord  
  42  3:34  Drone x2  
  44  3:43  Drone x4  
  44  3:44  Overlord  
  48  3:49  Extractor  
  46  3:59  Queen  
  47  4:05  Evolution Chamber  
  47  4:06  Roach x7  
  60  4:10  Roach  
  62  4:17  Overlord  
  62  4:19  Roach  
  62  4:22  Roach  
  65  4:31  Overlord  
  65  4:34  Overlord  
  65  4:37  Overlord  
  65  4:40  Overlord  
  65  4:43  Roach x2  
  65  4:44  Roach  
  70  4:45  Overlord  
  70  4:51  Roach  
  71  4:56  Roach x2  
  71  4:59  Roach  
  77  5:03  Roach  
  77  5:05  Roach  
  81  5:09  Zergling x6  
  81  5:11  Zergling x2  
  85  5:15  Zergling x2  
  85  5:16  Zergling x2  
  85  5:21  Zergling x6  
  89  5:28  Overlord  
  90  5:29  Zergling x2  
  91  5:40  Roach x2  
  92  5:43  Ravager x2  
  92  5:45  Roach, Zergling x4  
  98  5:55  Zergling x12  
  104  5:59  Zergling x4  
  105  6:04  Ravager  
  105  6:07  Zergling x2  
  105  6:10  Zergling x2  
  98  6:18  Zergling x2  
  84  6:19  Ravager  
  84  6:20  Zergling x2  
  71  6:28  Roach  
  71  6:31  Roach  
  72  6:39  Roach  
  72  6:44  Roach  
  76  6:51  Roach  
  74  6:54  Roach  
  74  6:57  Roach x2, Zergling x2  
  74  7:00  Roach x2, Zergling x2  
  84  7:07  Roach x2  
  74  7:15  Roach  
  72  7:23  Drone  
  72  7:27  Drone x2  
  72  7:29  Drone x2  
  70  7:30  Hatchery, Drone x4  
  70  7:32  Evolution Chamber  
  72  7:41  Drone  
Show
View Real Time Build Order
Export as new Build Order

GOStephano Zerg - Winner!

Build Orders: Hatch First 

Get SALT Encoding   

  12  0:00  Drone  
  13  0:12  Overlord  
  13  0:17  Drone  
  14  0:30  Drone x2  
  16  0:47  Hatchery  
  15  0:52  Drone  
  15  0:54  Drone  
  17  0:57  Drone  
  18  1:08  Extractor  
  17  1:12  Spawning Pool  
  17  1:15  Drone  
  17  1:19  Drone  
  18  1:28  Drone  
  19  1:38  Drone  
  20  1:49  Drone  
  21  1:59  Queen x2  
  21  2:00  Zergling x4  
  27  2:10  Drone, Metabolic Boost  
  27  2:11  Overlord  
  28  2:29  Hatchery, Drone  
  28  2:32  Drone  
  28  2:34  Drone  
  30  2:39  Drone  
  31  2:44  Overlord  
  31  2:47  Drone  
  32  2:57  Baneling Nest  
  31  3:02  Zergling x4  
  33  3:08  Drone x3  
  33  3:10  Queen  
  33  3:11  Drone  
  39  3:14  Overlord  
  39  3:18  Drone  
  40  3:23  Drone  
  41  3:27  Drone  
  41  3:30  Zergling x4  
  44  3:37  Zergling x4  
  46  3:41  Baneling x3  
  46  3:42  Zergling x2  
  46  3:43  Zergling x4  
  46  3:45  Zergling x6  
  46  3:46  Zergling x2  
  53  3:53  Zergling x6  
  53  4:05  Drone x3, Extractor  
  53  4:06  Roach Warren, Drone  
  55  4:15  Drone x2  
  57  4:18  Drone  
  58  4:26  Overlord  
  58  4:29  Overlord  
  58  4:30  Overlord  
  57  4:32  Overlord  
  57  4:37  Overlord  
  57  4:44  Spine Crawler  
  55  4:46  Roach x4  
  55  4:47  Roach  
  55  4:51  Roach x2  
  69  4:53  Baneling x2  
  69  4:55  Roach  
  69  4:59  Roach  
  75  5:00  Roach  
  75  5:03  Roach  
  75  5:05  Roach  
  75  5:07  Zergling x2  
  80  5:09  Baneling  
  80  5:13  Roach  
  82  5:17  Zergling x8  
  86  5:24  Roach x2  
  86  5:26  Overlord  
  90  5:32  Roach x2  
  90  5:35  Overlord  
  94  5:38  Overlord  
  94  5:41  Baneling x2  
  93  5:44  Zergling x6  
  96  5:54  Roach x3  
  101  5:58  Zergling x6  
  101  6:02  Roach x2  
  104  6:06  Zergling x4  
  104  6:09  Zergling x4  
  101  6:12  Roach  
  101  6:17  Roach x2  
  100  6:21  Zergling x6  
  95  6:33  Drone x5  
  95  6:36  Evolution Chamber  
  99  6:43  Drone x2  
  99  6:44  Drone x4  
  105  6:49  Roach  
  105  6:50  Roach  
  107  6:57  Roach x3  
  106  7:08  Roach x4  
  106  7:09  Roach  
  106  7:15  Extractor  
  107  7:18  Zergling x14  
  110  7:28  Zergling x6  
  103  7:38  Drone x3  
  103  7:41  Drone  
  107  7:49  Drone x5  
Tags
 
Add a new tag
Caveats
  • Supply blocks, unpowered buildings, or Contaminate may cause inaccurate times.
  • Supply counts are checked every 10 seconds.